 Dungeon Crawl Stone Soup version 0.18-a0-1454-g5e6cd1e (webtiles) character file.

137 MenacingMecha the Chopper (level 5, -3/42 HPs)
             Began as a Hill Orc Gladiator on Mar 1, 2016.
             Killed by divine providence
             ... invoked by an orc priest
              (12 damage)
             ... on level 3 of the Dungeon.
             The game lasted 00:06:52 (2349 turns).

MenacingMecha the Chopper (Hill Orc Gladiator)      Turns: 2349, Time: 00:06:53

Health: -3/42      AC: 10    Str: 19    XL:     5   Next: 20%
Magic:  23/23      EV: 10    Int:  8    God:
Gold:   222        SH:  0    Dex: 11    Spells: 0 memorised, 4 levels left

rFire  . . .     SeeInvis .     a - +0 war axe
rCold  + . .     Gourm    .     k - +3 scale mail {rC+}
rNeg   . . .     Faith    .     (no shield)
rPois  .         Spirit   .     c - +0 helmet
rElec  .         Dismiss  .     (no cloak)
rCorr  .         Reflect  .     (no gloves)
SustAt .         Harm     .     (no boots)
MR     .....                    (no amulet)
Stlth  ..........               l - ring of magical power
                                i - ring of magical power

@: not resistant to hostile enchantments, extremely unstealthy
A: no striking features
a: Convert to Beogh


You were on level 3 of the Dungeon.
You were not hungry.

You visited 1 branch of the dungeon, and saw 3 of its levels.

You collected 222 gold pieces.

Inventory:

Hand Weapons
 a - a +0 war axe (weapon)
Missiles
 d - 3 throwing nets (quivered)
Armour
 c - a +0 helmet (worn)
 k - a +3 scale mail of cold resistance (worn)
Jewellery
 i - a ring of magical power (left hand)
 l - a ring of magical power (right hand)
 s - an uncursed amulet of magic regeneration {unknown}
Wands
 p - a wand of iceblast (8/15)
Scrolls
 h - 4 scrolls of remove curse {unknown}
 j - 2 scrolls of teleportation {unknown}
 m - a scroll of recharging {unknown}
 o - a scroll of fog {unknown}
 r - 3 scrolls of identify {unknown}
 v - a scroll of fear {unknown}
 w - a scroll of magic mapping {unknown}
Potions
 b - 2 potions of curing {unknown}
 e - a potion of haste {unknown}
 n - 2 potions of agility {unknown}
 t - a potion of heal wounds {unknown}
 u - a potion of degeneration {unknown}
Comestibles
 f - 4 bread rations
 q - a beef jerky
 x - a meat ration


   Skills:
 - Level 2.4 Fighting
 + Level 7.5 Axes
 - Level 1.7 Throwing
 - Level 2.4 Dodging


You had 4 spell levels left.
You didn't know any spells.

Dungeon Overview and Level Annotations

Branches:
Dungeon (3/15)

Altars:
Elyvilon
Gozag
Pakellas
Ru


Message History

An orc priest comes into view. It is wielding a dagger.
The orc priest shouts!
The orc priest hits you but does no damage.
You barely miss the orc priest.
The orc priest shouts, "Surrender to Beogh and we'll let you live!"
The orc priest hits you with a dagger.
The orc priest hits you but does no damage.
You hit the orc priest.
The orc priest is lightly wounded.
You slash the orc!
You kill the orc!
The orc priest closely misses you.
You slash the orc priest!
The orc priest is severely wounded.
The orc priest mumbles some strange prayers to Beogh against you.
Pain shoots through your body!
* * * LOW HITPOINT WARNING * * *
The orc priest calls down the wrath of Beogh upon you.
Beogh smites you!
You die...

.### ....# ## #.....#
....# ... #.....#
....# ...####.....#
....# ............#
....# ............o..#
....# ..........o....#
....#............o...#
....#.......####@)...#
....#.......#........#
....#.......#........#
...............>....##
...##...............#
....#...............#
.........###........#
.........#...........#
#........#.....#.....#


You could see 2 orc priests and an orc.

Vanquished Creatures
  Ijyb (D:2)
  A gnoll (D:1)
  3 adders (D:2)
  2 worms (D:2)
  2 dart slugs (D:1)
  A giant gecko (D:1)
  An orc (D:3)
  2 giant cockroaches
  8 goblins
  7 hobgoblins
  9 jackals
  6 bats
  2 giant newts
  8 kobolds
  9 rats
62 creatures vanquished.

Notes
Turn   | Place    | Note
--------------------------------------------------------------
     0 | D:1      | MenacingMecha the Hill Orc Gladiator began the quest for the Orb.
     0 | D:1      | Reached XP level 1. HP: 18/18 MP: 1/1
   107 | D:1      | Reached XP level 2. HP: 13/25 MP: 2/2
   311 | D:1      | Reached skill level 5 in Axes
   334 | D:1      | Reached XP level 3. HP: 9/30 MP: 3/3
   885 | D:1      | Reached skill level 6 in Axes
  1194 | D:2      | Noticed Ijyb
  1207 | D:2      | Killed Ijyb
  1207 | D:2      | Reached XP level 4. HP: 29/37 MP: 4/4
  1291 | D:2      | Found an oddly glowing altar of Pakellas.
  1420 | D:2      | Found a white marble altar of Elyvilon.
  1547 | D:2      | Reached skill level 7 in Axes
  1566 | D:2      | Found a sacrificial altar of Ru.
  1805 | D:2      | Reached XP level 5. HP: 39/42 MP: 5/5
  2063 | D:3      | Found an opulent altar of Gozag.
  2349 | D:3      | Killed from afar by an orc priest

Vault maps used:
D:1:      dpeg_arrival_tiny_i, serial_glass, glass_columns_c, glass_columns_c,
          kennysheep_flooded_box
D:2:      nicolae_overflow_crystal_walls, nicolae_ru_path_of_blood,
          elyvilon_altar_3, uniq_iyjb
D:3:      nicolae_gozag_seed_capital, first_bread, minivault_19

Skill      XL: |  1  2  3  4 |
---------------+-------------+-----
Axes           | 5 6 7 |  7.5
Fighting       | |  2.4
Throwing       | |  1.7
Dodging        | |  2.4

Action                   |  1- 3 |  4- 6 || total
-------------------------+-------+-------++-------
Melee: War axe           |   118 |    78 ||   196
  Eat: Chunk             |     1 |     4 ||     5
